 Dungeon Crawl Stone Soup version 0.31-a0-188-g5e087ee2ca (webtiles) character file.

Game seed: 5991113684528758029

315 qw the Skirmisher (level 6, -2/35 HPs)
             Began as a Deep Elf Hunter on June 23, 2023.
             Slain by a gnoll
             ... wielding a +0 whip
              (6 damage)
             ... on level 3 of the Dungeon.
             The game lasted 00:00:38 (1479 turns).

qw the Skirmisher (Deep Elf Hunter)                 Turns: 1479, Time: 00:00:39

Health: -2/35      AC:  5    Str: 10    XL:     6   Next: 20%
Magic:  8/8        EV: 11    Int: 14    God:
Gold:   962        SH:  0    Dex: 18    Spells: 5/5 levels left

rFire   . . .        Y - +0 shortbow
rCold   . . .        (shield currently unavailable)
rNeg    . . .        j - +0 ring mail
rPois   .            (no helmet)
rElec   .            (no cloak)
rCorr   .            (no gloves)
SInv    .            (no boots)
Will    .....        (no amulet)
Stlth   +            (no ring)
HPRegen 0.25/turn    (no ring)
MPRegen 0.11/turn

%: no passive effects
@: no status effects
A: no striking features
a: no special abilities


You were on level 3 of the Dungeon.
You visited 1 branch of the dungeon, and saw 3 of its levels.

You collected 962 gold pieces.


   Skills:
 + Level 1.9 Fighting
 - Level 9.7 Ranged Weapons
 - Level 2.4 Dodging
 - Level 1.2 Stealth


You had 5 spell levels left.
You didn't know any spells.
Your spell library was empty.

Inventory:

Hand Weapons
 Y - a +0 shortbow (weapon)
Armour
 j - a +0 ring mail (worn)
Jewellery
 e - a ring of ice
Scrolls
 n - 2 scrolls of identify
Potions
 a - a potion of invisibility {unknown}
 b - a potion of ambrosia {unknown}
 g - a potion of haste {unknown}
 l - a potion of heal wounds {unknown}

Dungeon Overview and Level Annotations

Branches:
Dungeon (3/15)

Altars:

Shops:
D:2 :


Message History

You hear a shout!
A gnoll comes into view.
It is wielding a +0 spear and wearing the ring of Panentheism {rPois Dex+6 Stlth+}.
A gnoll comes into view. It is wielding a +0 spear.
You shoot an arrow. The arrow barely misses the gnoll.
The gnoll hits you but does no damage.
You shoot an arrow. The arrow hits the gnoll.
The gnoll is lightly wounded.
The gnoll throws a throwing net.
The throwing net barely misses you.
You shoot an arrow. The arrow barely misses the gnoll.
The gnoll hits you with a +0 whip.
You shoot an arrow.
The arrow hits the gnoll but does no damage.
The gnoll is lightly wounded.
The gnoll misses you.
You shoot an arrow. The arrow barely misses the gnoll.
The gnoll barely misses you.
You shoot an arrow. The arrow hits the endoplasm.
You kill the endoplasm!
The gnoll hits you with a +0 whip. The gnoll hits you but does no damage.
You shoot an arrow. The arrow hits the gnoll.
The gnoll is moderately wounded.
The gnoll hits you with a +0 whip.
The gnoll hits you from afar with a +0 spear!
The gnoll barely misses you.
You shoot an arrow.
The arrow hits the gnoll but does no damage.
The gnoll is moderately wounded.
The gnoll completely misses you. The gnoll closely misses you.
The gnoll completely misses you.
You shoot an arrow.
The arrow hits the gnoll but does no damage.
The gnoll is moderately wounded.
The gnoll barely misses you.
The gnoll hits you from afar with a +0 spear. x3
The gnoll closely misses you. The gnoll barely misses you.
You shoot an arrow.
The arrow hits the gnoll but does no damage.
The gnoll is moderately wounded.
The gnoll hits you but does no damage. The gnoll hits you with a +0 whip.
You die...

....... ...... .....
+# .... #...# ...
..... #)..# ....
...... #...# .....
.......##..g#g.....
...........@'g#....
........#...###....
.......(....#.......#
..........###.......#
............+....)..#
.........####.......#
......>...))..#.....#
........###...#.....#
........# #.........#


You could see 3 gnolls.

Vanquished Creatures
  Grinder (D:3)
  Natasha (D:3)
  5 adders (D:2)
  A dart slug (D:1)
  3 orcs (D:3)
  2 ball pythons (D:1)
  4 bats
  4 endoplasms
  2 giant cockroaches
  6 goblins
  2 hobgoblins
  7 jackals (D:1)
  2 kobolds (D:1)
  3 quokkas
  2 frilled lizards (D:1)
  6 rats
51 creatures vanquished.

Notes
Turn   | Place    | Note
-------+----------+-------------------------------------------
     0 | D:1      | qw the Deep Elf Hunter began the quest for the Orb.
     0 | D:1      | Reached XP level 1. HP: 12/12 MP: 3/3
     0 | D:1      | 0 ||| qw: Version: 0.3-a-9-g12657ce
     0 | D:1      | 0 ||| qw: Game counter: 4306
     0 | D:1      | 0 ||| qw: Always use a shield: true
     0 | D:1      | 0 ||| qw: God list: Okawaru
     0 | D:1      | 0 ||| qw: Allow faded altars: false
     0 | D:1      | 0 ||| qw: Do Orc after D:15 true
     0 | D:1      | 0 ||| qw: Do second Lair branch before Depths: true
     0 | D:1      | 0 ||| qw: Lair rune preference: random
     0 | D:1      | 0 ||| qw: Plans: Normal
     0 | D:1      | 0 ||| PLANNING D:1-11
   106 | D:1      | Reached skill level 6 in Ranged Weapons
   106 | D:1      | Reached XP level 2. HP: 16/16 MP: 4/4
   232 | D:1      | Reached XP level 3. HP: 20/20 MP: 5/5
   470 | D:1      | 470 ||| UPGRADING to +0 ring mail.
   480 | D:1      | 480 ||| DROPPING +0 leather armour.
   481 | D:1      | 481 ||| DROPPING ring of wizardry.
   482 | D:1      | 482 ||| READING scroll labelled OLESYANYVU.
   483 | D:1      | 483 ||| READING 3 scrolls labelled VUGOOF ULI.
   484 | D:1      | 484 ||| READING scroll labelled IKAIXOEJEC.
   485 | D:1      | 485 ||| READING scroll labelled YHUNEI QOICH.
   486 | D:1      | 486 ||| READING scroll labelled ONOARAFUEH.
   486 | D:1      | Identified a scroll of acquirement
   486 | D:1      | 486 ||| ACQUIRING 881 gold pieces
   486 | D:1      | Acquired 881 gold pieces
   488 | D:1      | 488 ||| READING 2 scrolls labelled MAEV RAEF JUE.
   489 | D:1      | 489 ||| DROPPING scroll of butterflies.
   490 | D:1      | 490 ||| DROPPING 2 scrolls of noise.
   611 | D:2      | Reached skill level 7 in Ranged Weapons
   761 | D:2      | Reached XP level 4. HP: 14/25 MP: 6/6
   980 | D:2      | Found Kaph's Vocational Training.
  1308 | D:3      | Noticed Grinder
  1311 | D:3      | Noticed Natasha
  1320 | D:3      | Paralysed by Grinder for 3 turns
  1322 | D:3      | HP: 6/25 [Grinder (1)]
  1324 | D:3      | Killed Grinder
  1325 | D:3      | Reached skill level 9 in Ranged Weapons
  1325 | D:3      | Reached XP level 5. HP: 8/29 MP: 7/7
  1325 | D:3      | Reached XP level 6. HP: 9/34 MP: 8/8
  1327 | D:3      | Killed Natasha
  1329 | D:3      | HP: 4/35 [orc/+0 morningstar (3)]
  1469 | D:3      | Identified the ring of Panentheism {rPois Dex+6 Stlth+}
  1478 | D:3      | HP: 8/35 [gnoll/+0 spear (6)]
  1479 | D:3      | Slain by a gnoll

Levels and vault maps discovered:
D:1:      lemuel_arrival_cross, layout_rooms
D:2:      layout_loops_ring, nicolae_shop_vocational
D:3:      layout_basic, nicolae_gozag_zags_fifth_avenue,
          shapermc_ecumenical_altar_mp_vishouse, uniq_natasha, uniq_grinder

Skill      XL: |  1  2  3  4 |
---------------+-------------+-----
Ranged Weapons | 6 7 9 |  9.7
Fighting       | |  1.9
Dodging        | |  2.4
Stealth        | |  1.2

Action                     |  1- 3 |  4- 6 || total
---------------------------+-------+-------++-------
   Fire: Shortbow          |   100 |    57 ||   157
    Use: Scroll            |     6 |       ||     6
 Armour: Leather armour    |     3 |       ||     3
         Ring mail         |     7 |     6 ||    13
  Dodge: Dodged            |    23 |    17 ||    40

Table legend:
 A = Non-vault XP
 B = Vault XP
 C = Vault XP percentage of total XP
 D = Non-vault monster count
 E = Vault monster count
 F = Vault count percentage of total count
                 A         B        C        D         E       F
            +---------+---------+-------+---------+---------+-------
      Total |     149 |     302 |  67.0 |      49 |       2 |   3.9
            +---------+---------+-------+---------+---------+-------
        D:1 |      58 |       0 |   0.0 |      31 |       0 |   0.0
        D:2 |      78 |       0 |   0.0 |      13 |       0 |   0.0
        D:3 |      13 |     302 |  95.9 |       5 |       2 |  28.6
            +---------+---------+-------+---------+---------+-------
